 Dungeon Crawl Stone Soup version 0.26-a0-28-gc929df5585 (webtiles) character file.

Game seed: 14357909118631989669, levelgen mode: deterministic

15681 Murumi the Blocker (level 12, -5/97 HPs)
             Began as a Formicid Fighter on May 19, 2020.
             Was a High Priest of Okawaru.
             Slain by a deep troll (13 damage)
             ... on level 11 of the Dungeon on May 28, 2020.
             The game lasted 01:00:44 (10563 turns).

Murumi the Blocker (Formicid Fighter)              Turns: 10563, Time: 01:00:44

Health: -5/97      AC: 25    Str: 22    XL:     12   Next: 60%
Magic:  7/17       EV: 11    Int: 12    God:    Okawaru [*****.]
Gold:   158        SH: 14    Dex: 10    Spells: 11/11 levels left

rFire    . . .     SeeInvis +   y - +0 great sword
rCold    + . .     Gourm    .   c - +0 kite shield
rNeg     . . .     Faith    .   A - +1 plate armour
rPois    .         Spirit   .   (helmet unavailable)
rElec    .         Reflect  .   s - +1 cloak
rCorr    .         Harm     .   x - +0 pair of gloves
MR       +....                  l - +2 pair of boots {Stlth+}
Stlth    ..........             p - amulet of regeneration
HPRegen  0.66/turn              (no ring)
MPRegen  0.15/turn              h - ring of protection from cold

@: heroism, finesse
A: permanent stasis, dig shafts and tunnels, four strong arms, antennae 3
a: Dig, Shaft Self, Heroism, Finesse, Renounce Religion


You were on level 11 of the Dungeon.
You worshipped Okawaru.
Okawaru was extremely pleased with you.
You were not hungry.

You visited 2 branches of the dungeon, and saw 10 of its levels.
You also visited: Sewer and Ice Cave.

You collected 508 gold pieces.
You spent 350 gold pieces at shops.

Inventory:

Hand Weapons
 a - a +1 long sword
 y - a +0 great sword (weapon)
Missiles
 w - 64 bolts
Armour
 c - a +0 kite shield (worn)
 g - a +0 tower shield
 l - a +2 pair of boots of stealth (worn)
 s - a +1 cloak (worn)
 x - a +0 pair of gloves (worn)
 A - a +1 plate armour (worn)
Jewellery
 h - a ring of protection from cold (right hand)
 p - an amulet of regeneration (around neck)
Wands
 k - a wand of iceblast (8)
 o - a wand of random effects (13)
 u - a wand of flame (30)
Scrolls
 b - 2 scrolls of remove curse
 e - 2 scrolls of enchant weapon
 i - 3 scrolls of fog
Potions
 d - 7 potions of might
 j - a potion of brilliance {unknown}
 m - a potion of ambrosia {unknown}
 n - 2 potions of magic {unknown}
 q - 3 potions of stabbing
 r - 5 potions of flight
 t - 2 potions of heal wounds
 v - 5 potions of curing
 B - a potion of lignification {unknown}
Comestibles
 f - 13 rations


   Skills:
 - Level 10.0(15.0) Fighting
 - Level 9.0(14.0) Long Blades
 - Level 10.0(15.0) Armour
 - Level 4.0(9.0) Dodging
 + Level 11.4(16.4) Shields
 - Level 7.0 Invocations
 - Level 6.0 Evocations


You had 11 spell levels left.
You didn't know any spells.
Your spell library contained the following spells:

 Spells                   Type           Power        Failure   Level  Hunger
 Magic Dart               Conj           #...         97%         1    ##.....
 Searing Ray              Conj           #.....       99%         2    ###....
 Dazzling Flash           Conj/Hex       #.....       100%        3    ####...
 Fulminant Prism          Conj/Hex       #.........   100%        4    #####..
 Iskenderun's Mystic Bla  Conj/Tloc      #.......     100%        4    #####..


Dungeon Overview and Level Annotations

Branches:
Dungeon (11/15)            Temple (1/1) D:4            Lair (0/6) D:11
    Orc (0/2) D:11          Sewer (visited)           IceCv (visited)

Altars:
Ashenzari
Cheibriados
Dithmenos
Elyvilon
Fedhas
Gozag
Kikubaaqudgha
Makhleb
Nemelex Xobeh
Okawaru
Qazlal
Sif Muna
Trog
Uskayaw
Vehumet
Wu Jian
Xom
Yredelemnul
Zin
The Shining One

Shops:
D:4 (}[   D:5 !


Innate Abilities, Weirdness & Mutations

You cannot be hasted, slowed, berserked, paralysed or teleported.
You can dig through walls and to a lower floor.
Your four strong arms can wield two-handed weapons with a shield.
You have a pair of large antennae on your head. (SInv)


Message History

You slash the deep troll!
The deep troll is lightly wounded.
You hit the deep troll.
The deep troll is moderately wounded.
You block the deep troll's attack. x3
You closely miss the deep troll.
The deep troll is lightly wounded.
You slash the deep troll!
The deep troll is moderately wounded.
The deep troll bites you.
* * * LOW HITPOINT WARNING * * *
You block the deep troll's attack. The deep troll claws you.
* * * LOW HITPOINT WARNING * * *
You slash the deep troll!
The deep troll is severely wounded.
You hit the deep troll but do no damage.
The deep troll is severely wounded.
The deep troll bites you but does no damage.
The deep troll claws you!
You die...

...<.#....#..#.##.# #...#
.%...#....##.#.#.## { #..##
.....#.....#..##.# ...#.
.....#.....##.#.## ...##.
+#+###......###.### }# #..
............##.##.#))##. #..
.............#.#'..T.... !..
.............##T######## .##...
.............##.@# ..#....
......†.......##.#########.##....
..##+#'####....##.........##.....
..# ..... #.....#.........#......
..#.......#.....##.......##......
..+.......#......#.......#.......
..#.......#......##.....##.......
..#.......#.......#.....#........
..###+#####.......##...##.....?..


You could see a deep troll.

Vanquished Creatures
  Harold (D:7)
  A hydra (D:11)
  A centaur warrior (D:11)
  2 wizards (D:11)
  4 ugly things
  A manticore (D:11)
  A deep elf mage (D:8)
  2 ice statues (IceCv)
  2 cyclopes (D:11)
  A gargoyle (D:11)
  4 trolls
  A hornet (D:8)
  7 yaks
  A wraith (D:11)
  Grum (D:8)
  A wyvern (D:8)
  A vampire mosquito (D:11)
  Menkaure (D:6)
  A phantom (D:7)
  15 ice beasts
  5 orc warriors
  2 sky beasts (D:6)
  7 centaurs
  5 ogres
  3 wolves (D:8)
  2 crocodiles
  2 big kobolds (Sewer)
  4 bullfrogs
  2 scorpions
  5 killer bees (D:11)
  4 wights (D:6)
  4 crimson imps
  3 orc priests
  2 jellies
  5 hounds
  Crazy Yiuf (D:7)
  3 centaur skeletons
  Jessica (D:2)
  A bullfrog skeleton (D:7)
  3 iguanas
  15 orc wizards
  7 worker ants
  Terence (D:1)
  2 killer bee zombies
  A worker ant zombie (D:6)
  Robin (D:2)
  11 adders
  2 river rats (Sewer)
  A shadow imp (D:11)
  4 oozes
  2 worms
  10 dart slugs (D:5)
  3 leopard geckos
  36 orcs
  8 ball pythons
  3 giant cockroaches
  15 goblins
  15 hobgoblins
  8 jackals
  20 kobolds
  7 quokkas
  8 bats
  5 frilled lizards
  A jackal zombie (D:6)
  A leopard gecko zombie (D:5)
  A quokka skeleton (D:4)
  A quokka zombie (D:7)
  33 rats
  A fungus (D:7)
336 creatures vanquished.

Notes
Turn   | Place    | Note
-------+----------+-------------------------------------------
     0 | D:1      | Murumi the Formicid Fighter began the quest for the Orb.
     0 | D:1      | Reached XP level 1. HP: 18/18 MP: 1/1
    97 | D:1      | Reached skill level 1 in Dodging
   158 | D:1      | Reached XP level 2. HP: 19/24 MP: 2/2
   419 | D:1      | Reached skill level 4 in Shields
  1050 | D:2      | Noticed Terence
  1064 | D:1      | Killed Terence
  1064 | D:1      | Reached XP level 3. HP: 29/29 MP: 3/3
  1100 | D:2      | Noticed Jessica
  1237 | D:2      | Killed Jessica
  1237 | D:2      | Reached XP level 4. HP: 37/37 MP: 4/4
  1569 | D:2      | Found a basalt altar of Yredelemnul.
  1590 | D:2      | Noticed Robin
  1628 | D:2      | Killed Robin
  1759 | D:2      | Reached skill level 1 in Evocations
  1759 | D:2      | Reached XP level 5. HP: 42/42 MP: 5/5
  1908 | D:2      | Found a shimmering altar of Xom.
  3121 | D:3      | Reached skill level 5 in Shields
  3411 | D:3      | Reached XP level 6. HP: 48/48 MP: 7/7
  3519 | D:4      | Noticed an ogre
  3532 | D:4      | Killed an ogre
  3579 | D:4      | Found Lathrimar's Antique Armour Shop.
  3601 | D:4      | Found a staircase to the Ecumenical Temple.
  3614 | Temple   | Entered the Ecumenical Temple
  3683 | Temple   | Became a worshipper of Warmaster Okawaru
  4460 | D:4      | Found Ostry's Antique Weapon Boutique.
  4463 | D:4      | Found Faanosk's Gadget Shop.
  4753 | D:5      | Entered Level 5 of the Dungeon
  4806 | D:4      | Bought a glowing cloak for 240 gold pieces
  4844 | D:5      | Reached skill level 5 in Fighting
  4868 | D:5      | Reached XP level 7. HP: 26/56 MP: 8/8
  4910 | D:5      | Reached * piety under Okawaru
  4961 | D:5      | Reached skill level 5 in Armour
  5180 | D:5      | Reached skill level 6 in Shields
  5191 | D:5      | Reached XP level 8. HP: 62/62 MP: 10/10
  5313 | D:5      | Found Haong's Distillery.
  5338 | D:5      | Reached skill level 7 in Shields
  5346 | D:5      | Reached ** piety under Okawaru
  5426 | D:5      | Bought a potion of flight for 33 gold pieces
  5426 | D:5      | Bought a potion of flight for 33 gold pieces
  5426 | D:5      | Bought a potion of flight for 33 gold pieces
  5426 | D:5      | Bought a potion of degeneration for 11 gold pieces
  5585 | D:6      | Found a glowing golden altar of the Shining One.
  5755 | D:6      | Found a glowing drain.
  5814 | D:6      | HP: 1/64 [sky beast (5)]
  5833 | D:6      | Reached skill level 5 in Long Blades
  5890 | Sewer    | Entered a sewer
  6116 | Sewer    | Reached XP level 9. HP: 48/69 MP: 11/11
  6873 | D:6      | Reached skill level 8 in Shields
  7258 | D:6      | Noticed Menkaure
  7269 | D:6      | Killed Menkaure
  7269 | D:6      | Reached *** piety under Okawaru
  7670 | D:6      | Found a bloodstained altar of Trog.
  7975 | D:6      | Reached XP level 10. HP: 40/79 MP: 13/13
  8080 | D:7      | Found a shimmering blue altar of Sif Muna.
  8099 | D:7      | Reached skill level 9 in Shields
  8305 | D:7      | Noticed Harold
  8341 | D:7      | Killed Harold
  8341 | D:7      | Reached **** piety under Okawaru
  8384 | D:7      | Reached skill level 5 in Invocations
  8533 | D:7      | Found a stormy altar of Qazlal.
  8731 | D:7      | Found a runed translucent door.
  8732 | D:7      | Noticed Crazy Yiuf
  8743 | D:7      | Killed Crazy Yiuf
  8840 | D:8      | Found a shadowy altar of Dithmenos.
  9003 | D:8      | Reached ***** piety under Okawaru
  9003 | D:8      | Reached XP level 11. HP: 51/89 MP: 14/14
  9113 | D:8      | Found a glowing silver altar of Zin.
  9127 | D:8      | Found a basalt altar of Yredelemnul.
  9176 | D:8      | Noticed Grum
  9181 | D:8      | Killed Grum
  9339 | D:8      | Reached skill level 10 in Shields
  9360 | D:8      | Noticed a deep elf mage
  9421 | D:8      | Killed a deep elf mage
  9536 | D:8      | Found a blossoming altar of Fedhas.
  9595 | D:8      | You fall into a shaft and drop 3 floors!
  9596 | D:11     | Upgraded the game from 0.25-a0-1126-g5fd7b56c60 to
                  | 0.26-a0-28-gc929df5585
  9618 | D:11     | Found a staircase to the Orcish Mines.
  9665 | D:11     | Noticed a red ugly thing
  9682 | D:11     | Killed a red ugly thing
  9701 | D:11     | Noticed a red ugly thing
  9719 | D:11     | Killed a red ugly thing
  9719 | D:11     | Reached skill level 5 in Evocations
  9727 | D:11     | Found a staircase to the Lair.
  9814 | D:11     | Received a gift from Okawaru
  9965 | D:11     | Found a frozen archway.
  9968 | D:11     | Noticed a five-headed hydra
 10000 | D:11     | Killed a 16-headed hydra
 10050 | IceCv    | Entered an ice cave
 10050 | IceCv    | Noticed a white ugly thing
 10070 | IceCv    | Killed a white ugly thing
 10070 | IceCv    | Reached skill level 10 in Fighting
 10088 | IceCv    | Reached XP level 12. HP: 46/97 MP: 10/16
 10102 | IceCv    | Found a transporter.
 10121 | IceCv    | Found a transporter.
 10143 | IceCv    | Reached skill level 10 in Armour
 10146 | IceCv    | HP: 1/97 [white ugly thing (13)]
 10358 | D:11     | Reached skill level 11 in Shields
 10496 | D:11     | Noticed a wizard
 10496 | D:11     | Noticed a wizard
 10497 | D:11     | Identified the +4 hand axe "Sarcophage" {vorpal, +Fly
                  | rPois}
 10513 | D:11     | Killed a wizard
 10513 | D:11     | Noticed a centaur warrior
 10523 | D:11     | Killed a centaur warrior
 10529 | D:11     | Killed a wizard
 10553 | D:11     | Noticed a deep troll
 10563 | D:11     | Slain by a deep troll

Illustrated notes

Levels and vault maps discovered:
D:1:      dpeg_arrival_short_road, layout_basic
D:2:      layout_basic, yredelemnul_altar_generic, xom_teletrap_fun, uniq_robin,
          uniq_jessica, uniq_terence
D:3:      layout_loops_ring, minmay_goblin_outpost
D:4:      layout_loops_corners, minmay_temple_entry_arrows, serial_shops,
          nicolae_shop_stone, shop, nicolae_shop_waterfront, serial_glass,
          glass_columns_a, glass_columns_a, first_ration,
          kennysheep_small_circle
D:5:      kennysheep_slugbush, layout_rooms, serial_shops, shop
D:6:      minmay_recursive_quarters, layout_basic, lemuel_doored_altar,
          kennysheep_mini_moat, cheibrodos_sewer_entry_sluice, uniq_menkaure
D:7:      layout_basic, tgw_sif, nicolae_qazlal_style_of_elements, uniq_harold,
          uniq_crazy_yiuf_cottage
D:8:      minmay_cornered_nines, layout_basic, old_standard_altar,
          marbit_many_paths, fedhas_altar_4, nicolae_dithmenos_shadow_blocks,
          nicolae_ru_path_of_blood, basic_altar, uniq_grum
D:11:     minmay_the_grid_triangle_9x9_recursive_2
          [minmay_the_grid_triangle_9x9_prize_schism,
          minmay_the_grid_triangle_9x9_longest,
          minmay_the_grid_triangle_9x9_pentomino_pain,
          minmay_the_grid_triangle_9x9_empty], layout_irregular_city,
          david_lair_shrubbed, gauntlet_entry_generic,
          portal_ice_cave_entry_ice_beasts, chequers_decorated_corner
Temple:   minmay_temple_curvy_loop

Skill      XL: |  1  2  3  4  5  6  7  8  9 10 11 12 |
---------------+-------------------------------------+-----
Dodging        | 1 2 3 4 |  4.0
Shields        | 4 5 6 7 8 9 10 11 | 11.4
Long Blades    | 3 4 5 6 7 9 |  9.0
Fighting       | 4 5 6 7 9 10 | 10.0
Armour         | 4 5 7 8 9 10 | 10.0
Evocations     | 1 2 3 4 5 6 |  6.0
Invocations    | 2 3 4 5 6 7 |  7.0

Action                   |  1- 3 |  4- 6 |  7- 9 | 10-12 || total
-------------------------+-------+-------+-------+-------++-------
Melee: Long sword        |    41 |   232 |   531 |   133 ||   937
       Great sword       |       |       |       |   509 ||   509
Invok: Heroism           |       |       |     4 |    12 ||    16
       Finesse           |       |       |       |     5 ||     5
 Abil: Dig               |       |     4 |     5 |     6 ||    15
Evoke: Wand              |       |     2 |       |       ||     2
  Use: Scroll            |     3 |     4 |     4 |     5 ||    16
       Potion            |       |       |     4 |     6 ||    10
  Eat: Chunk             |       |    13 |    12 |    11 ||    36
Armor: Scale mail        |    16 |    86 |   192 |    12 ||   306
       Chain mail        |       |       |       |    33 ||    33
       Plate armour      |       |       |       |   250 ||   250
Dodge: Dodged            |    13 |    77 |   242 |   193 ||   525
Block: Kite shield       |     2 |       |       |   361 ||   363
       Buckler           |     4 |    39 |   112 |    10 ||   165
       Rpst.: Long sword |     7 |    23 |    87 |    13 ||   130
       Great sword       |       |       |       |    46 ||    46

Table legend:
 A = Non-vault XP
 B = Vault XP
 C = Vault XP percentage of total XP
 D = Non-vault monster count
 E = Vault monster count
 F = Vault count percentage of total count
                 A         B        C        D         E       F
            +---------+---------+-------+---------+---------+-------
      Total |   11350 |   11052 |  49.3 |     210 |     125 |  37.3
            +---------+---------+-------+---------+---------+-------
        D:1 |      16 |      32 |  66.7 |      11 |       1 |   8.3
        D:2 |      71 |      68 |  48.9 |      28 |      10 |  26.3
        D:3 |     109 |      13 |  10.7 |      21 |       7 |  25.0
        D:4 |     196 |       0 |   0.0 |      10 |       0 |   0.0
        D:5 |     916 |      40 |   4.2 |      33 |      10 |  23.3
        D:6 |    1905 |     266 |  12.3 |      33 |      12 |  26.7
        D:7 |    1718 |    1041 |  37.7 |      19 |       2 |   9.5
        D:8 |    1941 |    1125 |  36.7 |      25 |       7 |  21.9
       D:11 |    4478 |    5308 |  54.2 |      30 |      18 |  37.5
      Sewer |       0 |     296 | 100.0 |       0 |      48 | 100.0
      IceCv |       0 |    2863 | 100.0 |       0 |      10 | 100.0
            +---------+---------+-------+---------+---------+-------
